 Dungeon Crawl Stone Soup version 0.30-a0-341-g682706514a (webtiles) character file.

Game seed: 421824104630213386

1131 ragingrage the Covert (level 8, -4/53 HPs)
             Began as an Octopode Wanderer on Nov 3, 2022.
             Shot with an arrow by a centaur (6 damage)
             ... on level 6 of the Dungeon.
             The game lasted 00:06:57 (5403 turns).

ragingrage the Covert (Octopode Wanderer)           Turns: 5403, Time: 00:06:58

Health: -4/53      AC:  1    Str: 12    XL:     8   Next: 36%
Magic:  8/8        EV: 12    Int: 14    God:
Gold:   232        SH:  0    Dex: 23    Spells: 4/7 levels left

rFire   . . .      SeeInvis .    b - +7 dagger of Animal Spirits {freeze, Fly rElec Dex-2}
rCold   . . .      Faith    .    (no shield)
rNeg    . . .      Spirit   .    (helmet restricted)
rPois   .          Reflect  .    (no amulet)
rElec   +          Harm     .    z - +6 ring of dexterity
rCorr   .          Rampage  .    F - +6 ring of dexterity
Will    .....                    (no ring)
Stlth   ++++++....               (no ring)
HPRegen 0.28/turn                (no ring)
MPRegen 0.11/turn                (no ring)
                                 (no ring)
                                 (no ring)

@: flying
A: almost no armour, amphibious, 8 rings, camouflage 1, gelatinous body 1,
(nimble swimmer 1), tentacles
a: no special abilities


You were on level 6 of the Dungeon.
You visited 1 branch of the dungeon, and saw 6 of its levels.

You collected 232 gold pieces.

Inventory:

Hand Weapons
 a - the +9 spear of Peussoli {freeze, rF- Will+ Str+2 Dex+3}
   (You found it on level 2 of the Dungeon)

   It freezes those it strikes, dealing additional cold damage.
   It can also slow down cold-blooded creatures.
   Str:       It affects your strength (+2).
   Dex:       It affects your dexterity (+3).
   rF:        It makes you vulnerable to fire.
   Will:      It increases your willpower.
 b - the +7 dagger of Animal Spirits (weapon) {freeze, Fly rElec Dex-2}
   (You took it off a kobold on level 2 of the Dungeon)

   It freezes those it strikes, dealing additional cold damage.
   It can also slow down cold-blooded creatures.
   Dex:       It affects your dexterity (-2).
   rElec:     It insulates you from electricity.
   Fly:       It grants you flight.
 c - a +0 falchion
 n - a +1 dagger of freezing
Missiles
 q - a curare-tipped dart
 v - 12 poisoned darts
 A - a throwing net
Jewellery
 z - a +6 ring of dexterity (left tentacle)
 F - a +6 ring of dexterity (right tentacle)
Wands
 d - a wand of flame (4)
 E - a wand of acid (9)
Scrolls
 e - a scroll of poison {unknown}
 f - 2 scrolls of butterflies {unknown}
 g - a scroll of amnesia {unknown}
 h - a scroll of magic mapping {unknown}
 i - 4 scrolls of identify {unknown}
 p - 6 scrolls of teleportation
 s - a scroll of immolation {unknown}
 t - a scroll of fear {unknown}
 u - a scroll of silence {unknown}
 y - 2 scrolls of vulnerability {unknown}
 B - 2 scrolls of enchant weapon {unknown}
 D - a scroll of enchant armour {unknown}
Potions
 j - a potion of attraction {unknown}
 l - a potion of lignification {unknown}
 m - 3 potions of heal wounds {unknown}
 o - a potion of mutation {unknown}
 r - a potion of invisibility {unknown}
 w - 2 potions of might {unknown}
 x - 2 potions of cancellation {unknown}
 G - a potion of curing {unknown}
Miscellaneous
 C - a piece from Xom's chessboard (15/15)


   Skills:
 - Level 3.6 Fighting
 - Level 1.0 Long Blades
 - Level 4.0 Throwing
 + Level 8.9 Stealth
 * Level 6.5 Summonings
 - Level 2.1 Evocations


You had 4 spell levels left.
You knew the following spells:

 Your Spells              Type           Power      Damage    Failure   Level
a - Call Canine Familiar  Summ           18%        N/A       6%          3

Your spell library contained the following spells:

 Spells                   Type           Power      Damage    Failure   Level
 Freeze                   Ice            0%         1d3       28%         1
 Frozen Ramparts          Ice            0%         1d1       65%         3
 Hailstorm                Conj/Ice       0%         3d3       65%         3
 Portal Projectile        Hex/Tloc       0%         N/A       65%         3
 Leda's Liquefaction      Hex/Erth       0%         N/A       96%         4


Dungeon Overview and Level Annotations

Branches:
Dungeon (6/15)
 Temple: D:4-7

Altars:
Hepliaklqana
Ru
Sif Muna
Trog
Xom

Shops:
D:2 ?


Innate Abilities, Weirdness & Mutations

You cannot wear most types of armour.
You are amphibious.
You can wear up to eight rings at the same time.
Your skin changes colour to match your surroundings (Stealth+).
Your rubbery body absorbs attacks. (AC +1, EV +1)
((You are camouflaged when in or above water. (Stealth+)))
You have tentacles for arms and can constrict up to eight enemies at once.


Message History

An adder comes into view.
The adder hisses angrily.
You puncture the adder!
The adder seems to slow down.
You freeze the adder.
You kill the adder!
No target in view!
Magic restored.
You reach down and open the door.
Found a trident.
There is an open door here.
A water moccasin comes into view.
A water moccasin is nearby!
A centaur comes into view.
You miss the water moccasin. Your grab misses the water moccasin.
You squeeze the water moccasin!
The water moccasin is moderately wounded.
The water moccasin bites you!
Your hound bites the water moccasin but does no damage.
You hit the water moccasin. You freeze the water moccasin.
Your grab misses the water moccasin. You squeeze the water moccasin.
The water moccasin is heavily wounded.
The water moccasin bites you.
Your hound closely misses the water moccasin.
You hit the water moccasin.
The water moccasin seems to slow down.
You freeze the water moccasin. You grab the water moccasin.
You squeeze the water moccasin!
The water moccasin is almost dead.
You constrict the water moccasin, but do no damage.
The centaur wields a +0 shortbow.
The centaur shoots an arrow.
The arrow hits you!
Your hound bites the water moccasin.
The water moccasin dies!
You are too injured to fight recklessly!
The centaur shoots an arrow.
The arrow hits you!
The centaur shoots an arrow.
The arrow hits you.
* * * LOW HITPOINT WARNING * * *
Found a stone staircase leading up.
The centaur shoots an arrow.
The arrow hits you!
* * * LOW HITPOINT WARNING * * *
The centaur shoots an arrow.
The arrow hits your hound!
The centaur shoots an arrow.
The arrow misses your hound. The arrow hits you.
You die...

#.......... #..........
#.......# #..........
#..<....# #<.........
+.......#
##....#########c......#
###'#####...#...h.......
............#...........
...>........#...........
............+...@.......
............#...........
####...##.###...........
#+####.#.........####
#......'..)......#
+......#.........#
#......#.........#
########.........#
..........#


You could see a centaur (ally target) and a friendly hound (summoned).

Vanquished Creatures
  A water moccasin (D:5)
  2 black bears (D:5)
  2 scorpions
  3 jellies
  A gnoll bouda (D:4)
  3 hounds
  Jessica (D:3)
  Natasha (D:4)
  3 iguanas
  An orc wizard (D:4)
  Robin (D:3)
  3 gnolls (D:4)
  8 adders
  A worm (D:2)
  3 dart slugs
  10 orcs
  6 endoplasms
  4 giant cockroaches
  14 goblins
  5 hobgoblins
  8 jackals
  9 kobolds
  3 quokkas
  4 ball pythons
  2 bats
  2 frilled lizards
  3 rats
  A butterfly (D:4)
105 creatures vanquished.

Vanquished Creatures (collateral kills)
  A water moccasin (D:6)
  An iguana (D:4)
  2 gnolls (D:4)
4 creatures vanquished.

Grand Total: 109 creatures vanquished

Notes
Turn   | Place    | Note
-------+----------+-------------------------------------------
     0 | D:1      | ragingrage the Octopode Wanderer began the quest for the
                  | Orb.
     0 | D:1      | ragingrage set off with the following items: a +2 dagger, 2
                  | curare-tipped darts, a +0 falchion, a wand of flame (5), a
                  | scroll of blinking.
     0 | D:1      | Reached XP level 1. HP: 13/13 MP: 1/1
    37 | D:1      | Reached skill level 3 in Stealth
    89 | D:1      | Reached XP level 2. HP: 18/18 MP: 2/2
   368 | D:1      | Reached XP level 3. HP: 19/24 MP: 3/3
   372 | D:1      | Reached skill level 4 in Stealth
   606 | D:2      | Found Ylongigi's Magic Scroll Shop.
   610 | D:2      | Identified the +7 dagger of Animal Spirits {freeze, Fly
                  | rElec Dex-2}
   952 | D:2      | Identified the +9 spear of Peussoli {freeze, rF- Will+
                  | Str+2 Dex+3}
  1116 | D:3      | Reached XP level 4. HP: 26/30 MP: 4/4
  1390 | D:3      | Reached skill level 5 in Stealth
  1583 | D:3      | Noticed a scorpion
  1586 | D:3      | Killed a scorpion
  1587 | D:3      | Reached XP level 5. HP: 36/36 MP: 5/5
  1672 | D:3      | Learned a level 3 spell: Call Canine Familiar
  1791 | D:3      | Noticed Jessica
  1792 | D:3      | Noticed Robin
  2631 | D:3      | Killed Jessica
  2632 | D:3      | Reached skill level 6 in Stealth
  2632 | D:3      | Reached skill level 1 in Summonings
  2846 | D:3      | Found a shimmering blue altar of Sif Muna.
  2851 | D:3      | Killed Robin
  3085 | D:4      | Found a shimmering altar of Xom.
  3117 | D:4      | Reached XP level 6. HP: 42/42 MP: 6/6
  3153 | D:5      | Entered Level 5 of the Dungeon
  3153 | D:5      | Noticed a water moccasin
  3354 | D:5      | Killed a water moccasin
  3355 | D:5      | Reached skill level 7 in Stealth
  3569 | D:5      | Reached XP level 7. HP: 46/46 MP: 7/7
  3708 | D:5      | Found a bloodstained altar of Trog.
  4017 | D:5      | Reached skill level 5 in Summonings
  4228 | D:4      | Found a hazy altar of Hepliaklqana.
  4239 | D:4      | Reached skill level 8 in Stealth
  4282 | D:4      | Found a sacrificial altar of Ru.
  4284 | D:4      | Identified the +1 dagger "Joifraq" {vamp, rPois rC+}
  4917 | D:4      | Reached XP level 8. HP: 53/53 MP: 2/8
  5155 | D:4      | Noticed Natasha
  5159 | D:4      | Killed Natasha
  5402 | D:6      | HP: 1/53 [centaur/arrow (13)]
  5403 | D:6      | Shot with an arrow by a centaur

Illustrated notes

Levels and vault maps discovered:
D:1:      lemuel_arrival_funnel, layout_basic
D:2:      layout_rooms, serial_shops, shop_fountains, hex_medium,
          supply_closet_lemuel
D:3:      layout_loops_cross, tgw_sif, uniq_robin
D:4:      layout_basic, nicolae_ru_path_of_blood, mainiacjoe_overflow_boulevard,
          xom_butterflies, uniq_natasha
D:5:      layout_rooms, nicolae_overflow_hidden_temple, trog_ov_bears_minmay,
          kennysheep_small_spiral
D:6:      layout_gridville, temple_statues, kennysheep_potato, uniq_sigmund

Skill      XL: |  1  2  3  4  5  6  7  8 |
---------------+-------------------------+-----
Stealth        | 3 4 5 6 7 8 |  8.9
Fighting       | 2 3 |  3.6
Summonings     | 1 3 5 6 |  6.5
Long Blades    | |  1.0
Throwing       | |  4.0
Evocations     | |  2.1

Action                   |  1- 3 |  4- 6 |  7- 9 || total
-------------------------+-------+-------+-------++-------
Melee: Dagger            |    50 |    68 |    53 ||   171
       Constrict         |    13 |    13 |    13 ||    39
       Tentacles         |    10 |     9 |    12 ||    31
       Punch             |     2 |     1 |       ||     3
       Spear             |     4 |       |       ||     4
Throw: Dart              |       |     1 |       ||     1
 Cast: Call Canine Famil |       |     1 |    14 ||    15
Evoke: Wand              |     1 |       |       ||     1
  Use: Scroll            |       |     2 |       ||     2
       Potion            |       |       |     2 ||     2
 Stab: Sleeping          |     6 |    18 |     3 ||    27
Armor: Skin              |     4 |     3 |     3 ||    10
Dodge: Dodged            |    25 |    28 |    34 ||    87

Table legend: (Time is in decaauts)
 A = Elapsed time spent in this place.
 B = Non-inter-level travel time spent in this place.
 C = Inter-level travel time spent in this place.
 D = Time resting spent in this place.
 E = Time spent auto-exploring this place.
 F = Levels seen in this place.
 G = Mean time per level.
                   A        B        C        D        E       F      G
               +--------+--------+--------+--------+--------+-----+--------+
         Total |   5403 |   5250 |    153 |   1476 |   2837 |   6 |  900.5 |
       Dungeon |   5403 |   5250 |    153 |   1476 |   2837 |   6 |  900.5 |
               +--------+--------+--------+--------+--------+-----+--------+

Top non-repeatable levels by time:
     D:3: 1905 daAuts
     D:5: 1192 daAuts
     D:4: 1152 daAuts
     D:2: 562 daAuts
     D:1: 537 daAuts
     D:6: 52 daAuts
